Cogmind - Beta 13 @@@ ROGUE MODE // 2024.05.18 @ 00:40:03 Player: CONM Result: Destroyed by H-61 Shepherd with Heavy Assault Cannon Performance ------------- Evolutions (2) 1000 Regions Visited (5) 1000 Robots Destroyed (22) 110 Value Destroyed (380) 380 Prototype IDs (23) 460 Alien Tech Used (0) 0 Bonus (170) 170 TOTAL SCORE: 3120 Bonus ------- Aligned with FarCom 300 Friendly Fire -130 Cogmind --------- Core Integrity 0/550 Matter 85/300 Energy 99/100 System Corruption 0% Temperature Cool (0) Movement Core (50) Location -8/Materials Parts ------- > --- POWER (1) -------- (None) > --- PROPULSION (4) --- (None) > --- UTILITY (4) ------ Terrain Scan Processor > --- WEAPON (2) ------- (None) > --- INVENTORY (5) ---- Light Nuclear Core Medium Storage Unit Melee Analysis Suite Peak State ------------ > --- POWER ------------ Light Ion Engine > --- PROPULSION ------- Light Treads Light Treads > --- UTILITY ---------- Small Storage Unit Seismic Detector > --- WEAPON ----------- Light Assault Rifle Rocket Launcher > --- INVENTORY -------- Aluminum Leg Aluminum Leg Sensor Array Improved Terrain Scanner Terrain Scan Processor Terrain Scan Processor Grenade Launcher [Rating: 9] Favorites ----------- Power Light Ion Engine Engine Light Ion Engine Propulsion Light Treads Treads Light Treads Leg Aluminum Leg Utility Seismic Detector Device Seismic Detector Storage Small Storage Unit Processor Terrain Scan Processor Weapon Light Assault Rifle Energy Gun Medium Laser Ballistic Gun Light Assault Rifle Launcher Grenade Launcher Build | -11 -10 -10 -10 -9 -8 ------- Run | Yrd Mat Min Exi Min Mat Slots Evolved 4 | . . . . . 4 Power . | . . . . . . Propulsion 2 | . . . . . 2 Utility 2 | . . . . . 2 Weapon . | . . . . . . Parts Attached 21 | 6 2 3 1 5 4 Power 2 | . 1 . . 1 . Engine 2 | . 1 . . 1 . Core . | . . . . . . Reactor . | . . . . . . Propulsion 4 | 2 . . . 2 . Treads 2 | 2 . . . . . Leg 2 | . . . . 2 . Wheel . | . . . . . . Hover . | . . . . . . Flight . | . . . . . . Utility 7 | 2 . . . 1 4 Device 2 | 1 . . . . 1 Storage 3 | 1 . . . 1 1 Processor 2 | . . . . . 2 Hackware . | . . . . . . Protection . | . . . . . . Artifact . | . . . . . . Weapon 8 | 2 1 3 1 1 . Energy Gun 1 | 1 . . . . . Energy Cannon . | . . . . . . Ballistic Gun 2 | 1 . . . 1 . Ballistic Cannon . | . . . . . . Launcher 5 | . 1 3 1 . . Special Weapon . | . . . . . . Impact Weapon . | . . . . . . Slashing Weapon . | . . . . . . Piercing Weapon . | . . . . . . Special Melee Weapon . | . . . . . . Unidentified Prototypes . | . . . . . . Parts Lost 11 | . . . 4 . 7 Power 2 | . . . 1 . 1 Propulsion 3 | . . . 1 . 2 Utility 3 | . . . . . 3 Weapon 3 | . . . 2 . 1 Highest Loss Streak 5 | . . . 3 . 5 To Critical Strikes . | . . . . . . Average Slot Usage (%) 81 | . 90 89 85 63 36 Engine 9 | . 5 14 11 2 5 Treads 22 | . 28 28 26 . . Leg 3 | . . . . 28 10 Device 13 | . 14 14 14 14 5 Storage 13 | . 14 14 14 14 6 Ballistic Gun 12 | . 14 14 13 4 4 Launcher 4 | . 8 4 4 . . Naked Turns 18 | . . . . . 18 Heaviest Build 25 | 9 13 14 14 15 25 Greatest Support 40 | 40 40 40 40 20 20 Greatest Overweight (x) 7 | 1 . . . . 7 Average Overweight (x) . | . . . . . . Largest Inventory Capacity 15 | 8 8 8 8 10 15 Average Capacity 8 | 7 8 8 8 9 11 Most Carried 9 | 3 7 8 8 7 9 Average Carried 6 | 1 4 7 7 6 6 Final Capacity 10 | 8 8 8 8 10 5 Final Carried 7 | 3 7 7 7 7 3 Class Distribution -------------------- 97% | Mutant Dominant Class ---------------- Mutant | -10/Materials Mutant | -10/Mines Mutant | -10/Exiles Mutant | -9/Mines Mutant | -8/Materials Resources | -11 -10 -10 -10 -9 -8 ----------- Run | Yrd Mat Min Exi Min Mat Matter Collected 345 | 199 30 51 . 65 . Remotely . | . . . . . . Salvage Created 393 | 11 248 124 . 10 . Parts 45 | 3 26 10 . 6 . Haulers Intercepted . | . . . . . . Recyclers Shooed 3 | . . . . 3 . Parts Field Recycled . | . . . . . . Retrieved Matter . | . . . . . . Parts Self-Destructed . | . . . . . . Prevented . | . . . . . . Kills | -11 -10 -10 -10 -9 -8 ------- Run | Yrd Mat Min Exi Min Mat Combat Hostiles Destroyed 12 | . 6 5 . 1 . Melee 1 | . . . . 1 . Guns 2 | . 1 1 . . . AOE 9 | . 5 4 . . . Classes Destroyed 8 | 1 6 . . 1 . Worker 2 | . 2 . . . . Builder 1 | . . . . 1 . Tunneler 1 | 1 . . . . . Recycler 1 | . 1 . . . . Operator 1 | . 1 . . . . Watcher 3 | . 3 . . . . Swarmer 7 | . 3 3 . 1 . Grunt 5 | . 3 2 . . . Thug 1 | . . 1 . . . Best Kill Streak 9 | 1 9 3 . 1 . Combat Bots Only 5 | . 5 3 . 1 . Max Kills in Single Turn 4 | 1 4 3 . 1 . Gunslinging . | . . . . . . Exploded 3 | . 3 3 . . . Melee 1 | . . . . 1 . Uniques/NPCs Destroyed . | . . . . . . Combat | -11 -10 -10 -10 -9 -8 -------- Run | Yrd Mat Min Exi Min Mat Hostile Shots Fired 153 | . 9 4 45 16 79 Missed 51 | . 2 2 14 10 23 Damage Taken 1638 | . 102 64 416 47 1009 Core 679 | . 12 38 59 17 553 Absorbed by Shields . | . . . . . . Core Remaining (%) 74 | 100 . . . 49 . Volleys Fired 38 | 2 19 7 3 4 3 Largest 2 | 2 2 2 1 1 1 Hottest 70 | 70 70 53 33 20 20 Shots Fired 55 | 4 26 14 3 5 3 Gun 39 | 4 20 7 . 5 3 Cannon . | . . . . . . Launcher 16 | . 6 7 3 . . Special . | . . . . . . Kinetic 36 | 2 19 7 . 5 3 Thermal 3 | 2 1 . . . . Explosive 16 | . 6 7 3 . . Electromagnetic . | . . . . . . Robot Hit Streak 7 | 1 7 4 2 6 1 Robot Miss Streak 2 | 1 1 1 1 . 2 Penetration Max . | . . . . . . Secondary Targets . | . . . . . . Shots Hit Robots 33 | 2 19 5 2 4 1 Core Hits 39 | 1 20 10 . 6 2 Critical Kills . | . . . . . . Critical Parts Destroyed . | . . . . . . Critical Strikes . | . . . . . . Melee Attacks . | . . . . . . Impact . | . . . . . . Slashing . | . . . . . . Piercing . | . . . . . . Sneak Attacks . | . . . . . . Combat Hostiles . | . . . . . . Follow-up Attacks . | . . . . . . Damage Inflicted 1208 | 25 662 341 98 67 15 Guns 217 | 25 123 25 . 38 6 Cannons . | . . . . . . Explosions 943 | . 538 307 98 . . Melee . | . . . . . . Ramming 48 | . 1 9 . 29 9 Kinetic 180 | . 111 25 . 38 6 Thermal 93 | 25 68 . . . . Explosive 887 | . 482 307 98 . . Electromagnetic . | . . . . . . Impact . | . . . . . . Slashing . | . . . . . . Piercing . | . . . . . . Highest Corruption 4 | . 4 4 4 4 . Average Corruption 3 | . 3 4 4 4 . Corruption Purged . | . . . . . . Corruption Blocked . | . . . . . . Effects 43 | . 7 20 10 6 . Message Errors 11 | . . 9 1 1 . Matter Fused 9 | . 3 3 2 1 . Heat Flow Errors 7 | . 2 1 3 1 . Energy Discharges 5 | . 2 . 2 1 . Data Loss (minor) 8 | . . 7 1 . . Data Loss (major) 2 | . . . 1 1 . Misfires 1 | . . . . 1 . Overload Shots . | . . . . . . Overflow Damage 37 | . 27 . 10 . . Projectiles . | . . . . . . Explosions 37 | . 27 . 10 . . Melee . | . . . . . . Knockbacks . | . . . . . . Impact . | . . . . . . Kinetic . | . . . . . . Secondary . | . . . . . . Self-Inflicted Damage 59 | . 21 38 . . . Shots 3 | . 2 1 . . . Rammed 4 | . 2 1 . . 1 Targets Rammed 21 | . 3 1 . 12 5 Kicked 16 | . . . . 12 4 Crushed 1 | . 1 . . . . Highest Temperature 274 | 20 274 193 165 182 5 Average Temperature 66 | 15 101 46 56 89 2 Received Heat Transfer 546 | . 36 9 78 . 423 Siege Activations . | . . . . . . Robots Corrupted . | . . . . . . Combat Hostiles . | . . . . . . Parts Fried . | . . . . . . Impact Corruptions . | . . . . . . Robots Melted . | . . . . . . Combat Hostiles . | . . . . . . Parts Melted . | . . . . . . Heat Transferred 161 | 74 87 . . . . Parts Sabotaged . | . . . . . . Parts Stolen . | . . . . . . Parts Stripped . | . . . . . . Power Chain Reactions . | . . . . . . Alert | -11 -10 -10 -10 -9 -8 ------- Run | Yrd Mat Min Exi Min Mat Peak Influence 347 | 5 347 159 . 25 45 Initial 135 | . 3 135 . . 9 Average 98 | 1 205 103 . 9 27 Maximum Alert Level 1 | . 1 . . . . Low Security (%) 87 | 100 40 100 . 100 100 Level 1 12 | . 59 . . . . Level 2 . | . . . . . . Level 3 . | . . . . . . Level 4 . | . . . . . . Level 5 . | . . . . . . High Security . | . . . . . . Max Security . | . . . . . . Squads Dispatched 5 | . 2 . . . 3 Investigation . | . . . . . . Extermination . | . . . . . . Reinforcement 5 | . 2 . . . 3 Assault . | . . . . . . Garrison . | . . . . . . Intercept . | . . . . . . Searches Triggered . | . . . . . . Construction Impeded . | . . . . . . Haulers Reinforced . | . . . . . . Active Scanning Responses . | . . . . . . Cargo Convoy Interrupts . | . . . . . . Stealth | -11 -10 -10 -10 -9 -8 --------- Run | Yrd Mat Min Exi Min Mat Distress Signals 3 | . 3 . . . . Communications Jammed . | . . . . . . Distress Signals . | . . . . . . Times Spotted 36 | . 11 5 8 3 9 Peak Tracking Total 7 | . 6 3 7 3 4 Tactical Retreats 2 | . 1 . . . 1 Traps | -11 -10 -10 -10 -9 -8 ------- Run | Yrd Mat Min Exi Min Mat Traps Triggered 3 | . 3 . . . . Indirectly . | . . . . . . Trap Hack Attempts . | . . . . . . Triggered . | . . . . . . Disarmed . | . . . . . . Reprogrammed . | . . . . . . Reused . | . . . . . . Traps Extracted . | . . . . . . Installed . | . . . . . . Triggered . | . . . . . . Machines | -11 -10 -10 -10 -9 -8 ---------- Run | Yrd Mat Min Exi Min Mat Machines Disabled 5 | . 2 1 2 . . Max in Single Turn 2 | . 2 1 1 . . Machines Repaired . | . . . . . . Machines Dismantled . | . . . . . . Machines Sabotaged . | . . . . . . Overloaded Fab Kills . | . . . . . . Hacking | -11 -10 -10 -10 -9 -8 --------- Run | Yrd Mat Min Exi Min Mat Machines Accessed 7 | . 2 . 4 . 1 Terminals 3 | . 2 . . . 1 Fabricators . | . . . . . . Repair Stations . | . . . . . . Recycling Units . | . . . . . . Scanalyzers . | . . . . . . Garrison Access . | . . . . . . Total Hacks 33 | . 5 . 27 . 1 Successful 31 | . 3 . 27 . 1 Failed 2 | . 2 . . . . Catastrophic . | . . . . . . Database Lockouts . | . . . . . . Manual 5 | . 3 . 1 . 1 Terminals 6 | . 5 . . . 1 Fabricators . | . . . . . . Repair Stations . | . . . . . . Recycling Units . | . . . . . . Scanalyzers . | . . . . . . Garrison Access . | . . . . . . Terminal Hacks 31 | . 3 . 27 . 1 Record 26 | . . . 26 . . Terminal Index 2 | . 1 . . . 1 Locate Traps 1 | . 1 . . . . Zone Layout 1 | . 1 . . . . Derelict Proto ID Bank 1 | . . . 1 . . Fabricator Hacks . | . . . . . . Repair Station Hacks . | . . . . . . Recycling Unit Hacks . | . . . . . . Scanalyzer . | . . . . . . Garrison Access Hacks . | . . . . . . Unauthorized Hacks . | . . . . . . Terminals . | . . . . . . Fabricators . | . . . . . . Repair Stations . | . . . . . . Recycling Units . | . . . . . . Scanalyzers . | . . . . . . Garrison Access . | . . . . . . Data Cores Recovered . | . . . . . . Used . | . . . . . . Hacking Detections 1 | . 1 . . . . Full Trace Events . | . . . . . . Feedback Events . | . . . . . . Feedback Blocked . | . . . . . . Robot Schematics Acquired . | . . . . . . Robots Built . | . . . . . . Authchips . | . . . . . . Time . | . . . . . . Total Robot Build Rating . | . . . . . . Part Schematics Acquired . | . . . . . . Parts Built . | . . . . . . Authchips . | . . . . . . Time . | . . . . . . Total Part Build Rating . | . . . . . . Parts Repaired . | . . . . . . Time . | . . . . . . Parts Recycled . | . . . . . . Recycled Matter . | . . . . . . Retrieved Matter . | . . . . . . Retrieved Components . | . . . . . . Parts Scanalyzed . | . . . . . . Part Schematics Acquired . | . . . . . . Parts Damaged . | . . . . . . Bothacking | -11 -10 -10 -10 -9 -8 ------------ Run | Yrd Mat Min Exi Min Mat Used RIF Installer . | . . . . . . Robots Hacked . | . . . . . . Non-combat . | . . . . . . Combat . | . . . . . . Robot Hacks Applied . | . . . . . . Relay Couplers Released . | . . . . . . Fabnet Peak Effective % . | . . . . . . Robots Rewired . | . . . . . . Allies Hacked . | . . . . . . Hacks Repelled . | . . . . . . Allies | -11 -10 -10 -10 -9 -8 -------- Run | Yrd Mat Min Exi Min Mat Total Allies . | . . . . . . Largest Group . | . . . . . . Highest-Rated Group . | . . . . . . Highest-Rated Ally . | . . . . . . Total Orders . | . . . . . . Ally Attacks . | . . . . . . Total Damage . | . . . . . . Kills . | . . . . . . Allies Corrupted . | . . . . . . Allies Melted . | . . . . . . Intel | -11 -10 -10 -10 -9 -8 ------- Run | Yrd Mat Min Exi Min Mat Robot Analysis Total . | . . . . . . Derelict Logs Recovered 2 | . . 2 . . . Drone Launches . | . . . . . . Drone Recoveries . | . . . . . . Exploration | -11 -10 -10 -10 -9 -8 ------------- Run | Yrd Mat Min Exi Min Mat Turns Passed 2272 | 125 383 839 513 211 201 Spaces Moved 1426 | 73 207 508 316 152 170 Core 115 | 9 . . . . 106 Treads 1095 | 64 207 508 316 . . Legs 216 | . . . . 152 64 Wheels . | . . . . . . Hover . | . . . . . . Flight . | . . . . . . Fastest Speed 50 | 50 160 160 160 120 50 Average Speed 147 | 148 160 160 160 120 98 Slowest Speed 400 | 160 160 160 160 120 400 Overloaded Moves . | . . . . . . Propulsion Burnouts . | . . . . . . Robots Hopped . | . . . . . . Cave-ins Triggered . | . . . . . . Exploration Rate (%) 39 | 4 52 80 62 28 13 Regions Visited 5 Branch Regions 3 Pre-discovered Areas . | . . . . . . Known Exits Taken . | . . . . . . Unknown Exits Taken 5 | 1 1 1 1 1 . Scrap Searched 2 | . . 1 . 1 . Spaces Dug 31 | . . 31 . . . Terrain Destroyed 152 | . 81 68 3 . . Melee . | . . . . . . Projectile . | . . . . . . AOE 152 | . 81 68 3 . . Terrain Rammed . | . . . . . . Walls Destroyed . | . . . . . . Machines Disabled . | . . . . . . Actions | -11 -10 -10 -10 -9 -8 --------- Run | Yrd Mat Min Exi Min Mat Total 1533 | 83 234 523 322 174 197 Wait 10 | . . . . . 10 Move 1421 | 72 206 507 315 151 170 Hop . | . . . . . . Pick Up 12 | 3 4 1 1 1 2 Fast Attach 10 | 6 1 . . 2 1 Attach 9 | . . 3 1 2 3 Detach 5 | . . 3 1 . 1 Swap 2 | . 1 . . 1 . Drop 5 | . . 1 1 1 2 Fire 38 | 2 19 7 3 4 3 Melee . | . . . . . . Ram 1 | . . . . . 1 Kick 16 | . . . . 12 4 Crush 4 | . 3 1 . . . Escape Stasis . | . . . . . . Rewire . | . . . . . . Trap . | . . . . . . Miscellaneous . | . . . . . . Route ------- -11/Scrapyard -10/Materials (discovered 2 exits: [*Mat] / [*Min]) -10/Mines (discovered 3 exits: [*Mat x2] / *Exi) -10/Exiles -9/Mines -8/Materials History --------- Turn | Location | Event 19 | -11/Scrapyard | Discovered new exit (range 14) 126 | -11/Scrapyard | Entered Materials 309 | -10/Materials | Build established: Mutant 318 | -10/Materials | Discovered new exit (range 13) 501 | -10/Materials | Discovered new exit (range 5) 509 | -10/Materials | Entered Mines 648 | -10/Mines | Received a Rocket Launcher from a helpful Derelict 855 | -10/Mines | Discovered new exit (range 8) 1024 | -10/Mines | Learned Materials terminal intel 1282 | -10/Mines | Discovered new exit (range 16) 1337 | -10/Mines | Deemed a non-threat by the Exiles lab entrance 1338 | -10/Mines | Discovered new exit (range 5) 1348 | -10/Mines | Entered Exiles 1392 | -10/Exiles | Met 8R-AWN 1419 | -10/Exiles | Met EX-HEX 1475 | -10/Exiles | Met EX-BIN 1509 | -10/Exiles | Aligned with FarCom system 1511 | -10/Exiles | Given EX-Vault access code 1557 | -10/Exiles | Opened EX-Vault 1622 | -10/Exiles | Exiles lab attacked by MAIN.C 1677 | -10/Exiles | Found Cloak of Protection 1847 | -10/Exiles | Discovered new exit (range 10) 1861 | -10/Exiles | Left Exiles lab with Cloak of Protection 1861 | -10/Exiles | Entered Mines 1881 | -9/Mines | Lost 3 parts (1n2w) 1975 | -9/Mines | Core integrity fell below 50% 2018 | -9/Mines | Discovered new exit (range 10) 2072 | -9/Mines | Entered Materials 2072 | -8/Materials | Evolved 4 slots: Propulsion x2, Utility x2 2073 | -8/Materials | Loaded intel: 12 terminal locations 2216 | -8/Materials | Core integrity fell below 50% 2231 | -8/Materials | Lost 5 parts (1p2n1u1w) 2272 | -8/Materials | Core integrity fell below 20% 2273 | -8/Materials | Destroyed by H-61 Shepherd with Heavy Assault Cannon Last Messages --------------- 02210_ Critical hit (Burn: +37). 02214_ U-05 Engineer lays Concrete. 02214_ Dropped Wheel. 02215_ Dropped Lrg. Storage Unit. 02227_ O-16 Technician: "IFF HANDSHAKE FAILED. SECURING TERMINAL." 02230_ O-16 Technician uses terminal to summon reinforcements. 02230_ ALERT: Hostiles spotted, dispatching reinforcements to Terminal M007. 02230_ O-16 Technician locks terminal. 02241_ Acquired Lgt. Nuclear Core. 02257_ Slammed into O-16 Technician. 02264_ ALERT: Suspicious intruders detected, dispatching Cutter reinforcements to area. 02265_ Terrain Scan Processor destroyed. 02265_ Critical hit (Blast). 02269_ Penetrated by Slug. 02269_ Imp. Terrain Scanner destroyed. 02269_ Knocked back. Map ----- +----------------------------------------------------+ | ????????????#?# # ##? | | ????#?????##??# # #?# | | ???#???#?#??#?############# ### | | ??????#???????############# ### | | ??????????#???# # # | | ??????#???#??## # # | | ????#?#????#??# # # | | ?????????????## + T # | | ?????? ? ? #?# """ """ # % # | | ?????????????## """ """ # ! # | | ????? ??? ??### """ """ # # | | ??????????????# ## ## | | ??????????? ??############ #? | | ??????????? #?# ?### #? | | ??????????? ??# ### #? | | ????????#?????# / #? | | ????????????? # ### #? | | ??????????????# h? ??# % ## | | ????????????? # ????? ???## ### | | ????????????????????? ?##?# #?? | | ???????????????? ??????#??# #?? | | ??????????????#??????? ??## %#?? | | ???????????????#????????### ### | | "????????????c?? ???????# # | | "T???????????c??????????# # | | ????????????????????????#@ # | | ?????????????c????????? % H # | | ??????????????????????### # | | ???????????????? ???????# # | | ????????????????????????# # | | ????????????????????????### ### | | ??????????????????????????# #?? | | ??????????????????????????? #?? | | ??????????????????????????? #?? | | ??????????????????????????? #?? | | ??????????????????????????? #?? | | ??????????????????????????? #?? | | ??????????????????????????? #?? | | ??????????????????????????? #?? | | ???????????????????????????? ??? | | ????????????????????????????????? | | ????????????????????????????????? | | ????????????????????????????????? | | ????????????????????????????????? | | ????????????????????????????????? | | ????????????????????????????????? | | | | | | | | | +----------------------------------------------------+ Best States ------------- Heat Dissipation 31 Energy Generation 10 Energy Capacity 125 Matter Stores 240 Matter Capacity 300 Sight Range 16 Terrain Scan Range 16 Terrain Scan Density 160 Evasion (%) 55 Recoil Reduction 2 Item Schematics ----------------- None Robot Schematics ------------------ None Fabricated ------------ Nothing Alien Tech Used ----------------- None Achievements -------------- None Challenges ------------ None Game ------ Seed ReinforcedPhasingCasing Manual? 0 Play Time 00:23:08 Cumulative 17.4 hours Start 2024.05.17 @ 17:18:07 End 2024.05.18 @ 00:40:03 Sessions 1 Manual Loads 0 Difficulty Rogue Special Mode None Game No. 39 Rogue 39 Adventurer 0 Explorer 0 Win Type - Total 0 Types 0/0/0/0/0/0/0/0/0 Lore% 16 Gallery% 15 Achievement% 15 Wizard Run 0 Options --------- Layout 1 ASCII 0 Keyboard 0 Movement Arrows Keybinds 0 Fullscreen 1 Font 24/Smallcaps Map View 50x40 Zoom Use 0% Tactical HUD 1 Map Filters NONE Filters NONE Steam 1 RUN: 6ae6f13c-3dd1-4f6f-8394-989357d752bc